 Dungeon Crawl Stone Soup version 0.30.1-11-g7821555f0a (webtiles) character file.

Game seed: 7823937219181268636

58 hawla the Firebug (level 3, 0/19 HPs)
             Began as a Deep Elf Fire Elementalist on Jan 3, 2024.
             Succumbed to Crazy Yiuf's poison
             ... on level 2 of the Dungeon.
             The game lasted 00:03:26 (2008 turns).

hawla the Firebug (Deep Elf Fire Elementalist)      Turns: 2008, Time: 00:03:26

Health: 0/19       AC:  2    Str:  5    XL:     3   Next: 76%
Magic:  8/10       EV: 13    Int: 21    God:
Gold:   119        SH:  0    Dex: 15    Spells: 6/9 levels left

rFire   . . .        h - staff of death
rCold   . . .        (no shield)
rNeg    + . .        a - +0 robe
rPois   .            (no helmet)
rElec   .            (no cloak)
rCorr   .            (no gloves)
SInv    .            (no boots)
Will    .....        (no amulet)
Stlth   ++           (no ring)
HPRegen 0.23/turn    (no ring)
MPRegen 0.12/turn

%: no passive effects
@: lethally poisoned (0 -> -7)
A: no striking features
a: no special abilities


You were on level 2 of the Dungeon.
You visited 1 branch of the dungeon, and saw 2 of its levels.

You collected 119 gold pieces.

Inventory:

Armour
 a - a +0 robe (worn)
Magical Staves
 h - a staff of death (weapon)
Wands
 g - a wand of flame (24) (quivered)
Scrolls
 c - a scroll of teleportation
 d - a scroll of identify
 e - a scroll of enchant weapon {unknown}
 f - a scroll of fog {unknown}
Potions
 b - a potion of magic


   Skills:
 - Level 2.7 Dodging
 - Level 3.0 Stealth
 - Level 3.8 Spellcasting
 - Level 1.5 Conjurations
 - Level 4.2 Fire Magic


You had 6 spell levels left.
You knew the following spells:

 Your Spells              Type           Power      Damage    Failure   Level
a - Foxfire               Conj/Fire      64%        2x1d7     3%          1
b - Scorch                Fire           42%        2d7       3%          2

Your spell library contained the following spells:

 Spells                   Type           Power      Damage    Failure   Level
 Magic Dart               Conj           40%        1d5       6%          1
 Freeze                   Ice            16%        1d4       12%         1
 Momentum Strike          Conj/Tloc      14%        3d8       14%         2
 Inner Flame              Hex/Fire       12%        N/A       16%         3
 Volatile Blastmotes      Fire/Tloc      24%        2d12      16%         3
 Blink                    Tloc           8%         N/A       19%         2
 Call Imp                 Summ           8%         N/A       19%         2
 Lesser Beckoning         Tloc           8%         N/A       19%         2
 Hailstorm                Conj/Ice       7%         3d4       26%         3
 Mephitic Cloud           Conj/Pois/Air  6%         N/A       30%         3
 Frozen Ramparts          Ice            8%         1d2       36%         3
 Flame Wave               Conj/Fire      16%        2d7       36%         4


Dungeon Overview and Level Annotations

Branches:
Dungeon (2/15)

Altars:

Annotations:
D:2 Crazy Yiuf


Message History

a +0 flail; a +0 scale mail; the human corpse of Terence You open the door.
There is an open door here.
A dart slug comes into view.
Found a glowing scarf.
Casting: Scorch (safe; 3% risk of failure)
Confirm with . or Enter, or press ? or * to list all spells.
Flames lash the dart slug.
You kill the dart slug!
You see here a scarf of harm.
h - a staff of death
b - 2 potions of magic (gained 1)
There is an open door here.
There is an escape hatch in the ceiling here.
Crazy Yiuf shouts!
Crazy Yiuf cries, "You leg down broken song, no?"
h - a staff of death (weapon)
Setting a skill training target for Staves at 12.0.
Adjust (i)tems, (s)pells, or (a)bilities?
Okay, then.
You open the door.
Casting: Scorch (safe; 3% risk of failure)
Confirm with . or Enter, or press ? or * to list all spells.
Flames lash Crazy Yiuf.
Crazy Yiuf is moderately wounded.
Crazy Yiuf's fire resistance burns away.
Crazy Yiuf hits you with a +3 quarterstaff of chaos!
Ouch! That really hurt!
You are lethally poisoned!
Magic courses through your body.
* * * LOW HITPOINT WARNING * * *
You feel very sick.
Crazy Yiuf hits you with a +3 quarterstaff of chaos.
* * * LOW HITPOINT WARNING * * *
Crazy Yiuf freezes you.
* * * LOW HITPOINT WARNING * * *
Casting: Scorch (safe; 3% risk of failure)
Confirm with . or Enter, or press ? or * to list all spells.
Flames lash Crazy Yiuf.
Crazy Yiuf is burned terribly!
Crazy Yiuf is almost dead.
You die...

#.# #..#####.# #.#
#........# #.# #.##.####.
### #.##...... #.##..####
#.##..# ###### ###
#.....#### ##.#..## ###..)#
#.........
#......####@g...#
#.....####
#.......#..##...#
#......... #.##...#.### ###
#.#######. #..#######
#......>#. ##.# #.#####...
#.# ####### ####.# #...#
#.#####.#.#.###...#####....
#.......#.##.#.#...........
#######.....#..........##..


You could see Crazy Yiuf (combustible).

Vanquished Creatures
  Terence (D:2)
  A dart slug (D:2)
  3 ball pythons
  5 bats
  4 endoplasms
  2 giant cockroaches
  2 goblins (D:1)
  A hobgoblin (D:2)
  3 jackals (D:1)
  4 kobolds
  A quokka (D:2)
  3 rats
30 creatures vanquished.

Vanquished Creatures (others)
  52 foxfires
52 creatures vanquished.

Grand Total: 82 creatures vanquished

Notes
Turn   | Place    | Note
-------+----------+-------------------------------------------
     0 | D:1      | hawla the Deep Elf Fire Elementalist began the quest for
                  | the Orb.
     0 | D:1      | Reached XP level 1. HP: 10/10 MP: 6/6
   483 | D:1      | Reached XP level 2. HP: 15/15 MP: 6/8
   486 | D:1      | Learned a level 2 spell: Scorch
  1240 | D:2      | Reached XP level 3. HP: 16/19 MP: 7/9
  1339 | D:2      | Reached skill level 4 in Fire Magic
  1502 | D:2      | Found a runed translucent door.
  1503 | D:2      | Noticed Crazy Yiuf
  1630 | D:2      | Noticed Terence
  1634 | D:2      | Killed Terence
  2008 | D:2      | Succumbed to Crazy Yiuf's poison

Illustrated notes

Levels and vault maps discovered:
D:1:      dpeg_arrival_simpleton_b, layout_loops_corners
D:2:      layout_loops_ring, roderic_serpentine_path, uniq_terence,
          uniq_crazy_yiuf_cottage

Skill      XL: |  1  2  3 |
---------------+----------+-----
Fire Magic     | 4 |  4.2
Stealth        | 3 |  3.0
Dodging        | |  2.7
Spellcasting   | |  3.8
Conjurations   | |  1.5

Action                     || total
---------------------------++-------
  Melee: Unarmed           ||    11
   Cast: Foxfire           ||    29
         Scorch            ||    12
    Use: Scroll            ||     4
         Potion            ||     1
   Stab: Sleeping          ||     1
 Armour: Robe              ||     3
  Dodge: Dodged            ||    14
